 Dungeon Crawl Stone Soup version 0.21-a0-531-gacddea6 (webtiles) character file.

11832 Gerstahl the Nimble (level 11, -7/95 HPs)
             Began as a Merfolk Gladiator on Dec 13, 2017.
             Was a Believer of Ashenzari.
             Killed by divine providence
             ... invoked by an orc priest
              (12 damage)
             ... on level 11 of the Dungeon.
             The game lasted 00:21:20 (10045 turns).

Gerstahl the Nimble (Merfolk Gladiator)            Turns: 10045, Time: 00:21:21

Health: -7/95      AC:  8    Str: 18    XL:     11   Next: 83%
Magic:  11/11      EV: 23    Int:  8    God:    Ashenzari [**....]
Gold:   555        SH:  0    Dex: 20    Spells: 10/10 levels left

rFire    + + .     SeeInvis .   B - +3 scimitar (freeze) (curse)
rCold    . . .     Gourm    .   (no shield)
rNeg     . . .     Faith    .   N - +0 troll leather armour (curse)
rPois    +         Spirit   .   c - +0 helmet
rElec    .         Reflect  +   u - +0 cloak (curse)
rCorr    +         Harm     .   (no gloves)
MR       .....                  (no boots)
Stlth    +.........             q - +5 amulet of reflection
HPRegen  0.65/turn              s - ring of resist corrosion
MPRegen  0.12/turn              h - ring of protection from fire

@: confused, mighty
A: change form in water, swift swim, stealthy swim, molten scales 1, agile 1,
fire resistance 1, sense surroundings 1, poison resistance, weak 1
a: Curse Item, Scrying, Renounce Religion


You were on level 11 of the Dungeon.
You worshipped Ashenzari.
Ashenzari was pleased with you.
You were not hungry.

You visited 1 branch of the dungeon, and saw 11 of its levels.

You collected 555 gold pieces.

Inventory:

Hand Weapons
 a - a +0 long sword
 B - a cursed +3 scimitar of freezing (weapon)
Armour
 b - a +0 leather armour
 c - a +0 helmet (worn)
 e - a +0 pair of boots
 u - a cursed +0 cloak (worn)
 v - a +0 chain mail of positive energy
 N - a cursed +0 troll leather armour (worn)
Jewellery
 h - a ring of protection from fire (right hand)
 q - a +5 amulet of reflection (around neck)
 r - an uncursed ring of wizardry
 s - a ring of resist corrosion (left hand)
 t - an uncursed ring of ice
 A - a +2 amulet of reflection
 D - an uncursed amulet of guardian spirit
 V - a +4 ring of intelligence
Wands
 y - a wand of disintegration (11)
 K - a wand of flame (42)
 R - a wand of enslavement (12)
 T - a wand of paralysis (14)
Scrolls
 d - 4 scrolls of noise {unknown}
 i - 9 scrolls of identify {unknown}
 m - 4 scrolls of enchant weapon {unknown}
 n - a scroll of blinking {unknown}
 o - 2 scrolls of fear {unknown}
 p - 2 scrolls of enchant armour {unknown}
 C - a scroll of immolation {unknown}
 E - 2 scrolls of fog {unknown}
 F - a scroll of brand weapon {unknown}
 I - 3 scrolls of teleportation {unknown}
 O - a scroll of torment {unknown}
Potions
 j - 2 potions of resistance
 k - a potion of cancellation {unknown}
 l - a potion of degeneration {unknown}
 w - a potion of magic {unknown}
 x - 4 potions of lignification {unknown}
 z - a potion of berserk rage {unknown}
 J - a potion of haste {unknown}
 U - a potion of ambrosia {unknown}
 W - 2 potions of curing
Books
 H - a book of Cantrips

   Spells                             Type                      Level
   a - Confusing Touch                Hexes                        1
   b - Animate Skeleton               Necromancy                   1
   c - Summon Small Mammal            Summoning                    1
   d - Apportation                    Translocation                1
 L - Erachuq's Compendium of Confrontation
   (You found it on level 8 of the Dungeon)

   Spells                             Type                      Level
   a - Static Discharge               Conjuration/Air              3
   b - Stone Arrow                    Conjuration/Earth            3
   c - Irradiate                      Conjuration/Transmutation    5
   d - Spellforged Servitor           Conjuration/Summoning        7
 S - the Compendium of Enchantment
   (You found it on level 9 of the Dungeon)

   Spells                             Type                      Level
   a - Dazzling Spray                 Conjuration/Hexes            3
   b - Invisibility                   Hexes                        6
   c - Discord                        Hexes                        8
Comestibles
 f - 5 bread rations
 g - 3 meat rations
 G - 11 royal jellies
 Q - 3 fruits


   Skills:
 + Level 12.2 Fighting
 + Level 12.1(14.1) Long Blades
 - Level 2.0 Throwing
 + Level 13.0 Dodging


You had 10 spell levels left.
You didn't know any spells.

Dungeon Overview and Level Annotations

Branches:
Dungeon (11/15)            Temple (0/1) D:4            Lair (0/6) D:11
    Orc: D:9-12

Altars:
Ashenzari
Cheibriados
Dithmenos
Elyvilon
Fedhas
Gozag
Kikubaaqudgha
Okawaru
Ru
Sif Muna
Uskayaw
Vehumet
Xom
The Shining One

Shops:
D:10 %

Annotations:
D:6 Prince Ribbit
D:8 exclusion: oklob plant


Innate Abilities, Weirdness & Mutations

You revert to your normal form in water.
You are very nimble and swift while swimming.
You are very stealthy in the water. (Stealth+)
You are partially covered in molten scales. (AC +2)
You are agile. (Dex +2)
Your flesh is heat resistant. (rF+)
You passively map a small area around you.
Your system is resistant to poisons. (rPois)
You are weak. (Str -2)


Message History

* * * LOW HITPOINT WARNING * * *
You slash something! Something barely misses you. Something bites you.
* * * LOW HITPOINT WARNING * * *
Something draws strength from your injuries!
You slash something! You slash something! Something barely misses you.
Something closely misses you.
You hit something.
You hear some strange, mumbled words.
You are confused.
The orc priest invokes the aid of Beogh against you.
Beogh smites you!
* * * LOW HITPOINT WARNING * * *
You slash something! You freeze something.
Reactivating autopickup.
You feel a bit more experienced.
You bump into the rock wall.
The yak completely misses you.
You bump into the rock wall.
The orc priest calls down the wrath of Beogh upon you.
Beogh smites you!
You die...

#..#..####........Y#
#...............Y.#Y
,,* #......#
#lY........ #......#
#YY...Y...# ,
#......###YY.....#..
, #........YY#Y....#
* #.......{oY#{....#
, #.......##Y#.....#
* #.......##@#######
, #.......##.#######
#..........'.....#
#..........#.....# ,
#......##..#.....#,,
, #..##..##..#.....#
, #..##..##..#.....#
#..........#.....#
#..........#.....#
,,, *


You could see a death yak, 8 yaks, an orc priest and a leopard gecko.

Vanquished Creatures
  2 two-headed ogres
  2 death yaks (D:11)
  Pikel (D:6)
  A queen bee (D:8)
  2 trolls
  Grinder (D:3)
  4 hippogriffs
  2 wyverns (D:8)
  A vampire (D:11)
  A yak (D:8)
  A hungry ghost (D:8)
  Edmund (D:4)
  A water moccasin (D:7)
  Duvessa (D:7)
  2 black bears
  5 orc warriors
  2 ice beasts
  A slave (D:6)
  A necrophage (D:9)
  A sky beast (D:10)
  10 ogres
  3 phantoms
  6 centaurs
  An eye of draining (D:8)
  2 big kobolds
  7 bullfrogs
  Dowan (D:7)
  3 scorpions
  15 killer bees
  16 wights
  2 howler monkeys
  A crimson imp (D:10)
  2 quasits
  4 orc priests
  3 hounds
  2 jellies (D:7)
  Crazy Yiuf (D:3)
  A gnoll shaman (D:8)
  A bullfrog skeleton (D:6)
  6 iguanas
  Terence (D:3)
  7 orc wizards
  13 worker ants
  A hound skeleton (D:3)
  2 howler monkey zombies
  3 gnolls (D:8)
  A worker ant zombie (D:5)
  A howler monkey skeleton (D:8)
  15 adders
  3 shadow imps
  2 adder zombies
  An adder skeleton (D:8)
  3 worms (D:2)
  2 dart slugs
  4 leopard geckos
  36 orcs
  6 giant cockroaches
  5 hobgoblins
  5 jackals
  12 kobolds
  4 quokkas
  2 ball pythons (D:4)
  7 bats
  2 frilled lizards
  5 goblins
  A jackal skeleton (D:7)
264 creatures vanquished.

Vanquished Creatures (others)
  A slave (D:6)
  An ogre (D:7)
  A crimson imp (D:6)
  4 toadstools (D:1)
7 creatures vanquished.

Grand Total: 271 creatures vanquished

Notes
Turn   | Place    | Note
-------+----------+-------------------------------------------
     0 | D:1      | Gerstahl the Merfolk Gladiator began the quest for the Orb.
     0 | D:1      | Reached XP level 1. HP: 16/16 MP: 1/1
   251 | D:1      | Reached XP level 2. HP: 22/23 MP: 2/2
   575 | D:2      | Reached XP level 3. HP: 29/29 MP: 3/3
  1882 | D:3      | Found a radiant altar of Vehumet.
  1882 | D:3      | Found a snail-covered altar of Cheibriados.
  1882 | D:3      | Noticed Terence
  1883 | D:3      | Found a white marble altar of Elyvilon.
  1906 | D:3      | Killed Terence
  1906 | D:3      | Reached XP level 4. HP: 13/37 MP: 4/4
  2102 | D:3      | Found a shattered altar of Ashenzari.
  2106 | D:3      | Found an opulent altar of Gozag.
  2108 | D:3      | Found a shadowy altar of Dithmenos.
  2109 | D:3      | Found an iron altar of Okawaru.
  2112 | D:3      | Became a worshipper of Ashenzari the Shackled
  2139 | D:3      | Found a runed door.
  2717 | D:3      | Noticed Grinder
  2727 | D:3      | Paralysed by Grinder for 4 turns
  2744 | D:3      | Killed Grinder
  2744 | D:3      | Reached skill level 5 in Fighting
  2744 | D:3      | Reached skill level 5 in Long Blades
  2744 | D:3      | Reached XP level 5. HP: 32/44 MP: 5/5
  2744 | D:3      | Reached XP level 6. HP: 38/51 MP: 6/6
  3081 | D:3      | Gained mutation: Your system is resistant to poisons. (rPois) [potion of mutation]
  3081 | D:3      | Gained mutation: Your body sometimes deteriorates upon taking damage. [potion of mutation]
  3081 | D:3      | Gained mutation: Your magical capacity is low. (-10% MP) [potion of mutation]
  3081 | D:3      | Gained mutation: You are partially covered in rugged brown scales. (AC +1, +3% HP) [potion of mutation]
  3083 | D:3      | Noticed Crazy Yiuf
  3090 | D:3      | Killed Crazy Yiuf
  3098 | D:3      | Lost mutation: You are partially covered in rugged brown scales. (AC +1, +3% HP) [potion of mutation]
  3098 | D:3      | Lost mutation: Your magical capacity is low. (-10% MP) [potion of mutation]
  3098 | D:3      | Gained mutation: You are agile. (Dex +2) [potion of mutation]
  3098 | D:3      | Gained mutation: Your mind is acute. (Int +2) [potion of mutation]
  3098 | D:3      | Gained mutation: You are partially covered in molten scales. (AC +2) [potion of mutation]
  3141 | D:4      | Reached XP level 7. HP: 38/57 MP: 7/7
  3420 | D:4      | Found a staircase to the Ecumenical Temple.
  3422 | D:4      | Noticed Edmund
  3439 | D:4      | Killed Edmund
  3812 | D:5      | Entered Level 5 of the Dungeon
  4207 | D:5      | Reached skill level 5 in Dodging
  4207 | D:5      | Reached XP level 8. HP: 44/67 MP: 8/8
  4218 | D:5      | Found an ancient bone altar of Kikubaaqudgha.
  4382 | D:5      | Reached * piety under Ashenzari
  4664 | D:6      | Noticed Prince Ribbit
  4668 | D:6      | Found a sacrificial altar of Ru.
  4873 | D:6      | Reached skill level 6 in Dodging
  4941 | D:6      | Reached skill level 7 in Dodging
  4994 | D:6      | Reached skill level 8 in Dodging
  5273 | D:6      | Found a deep blue altar of Sif Muna.
  5273 | D:6      | Found a hide-covered altar of Uskayaw.
  5310 | D:6      | Noticed Pikel
  5352 | D:6      | Killed Pikel
  5352 | D:6      | Reached skill level 10 in Dodging
  5352 | D:6      | Reached XP level 9. HP: 57/72 MP: 9/9
  5875 | D:7      | Noticed Dowan
  5876 | D:7      | Noticed Duvessa
  5892 | D:7      | Killed Duvessa
  5895 | D:7      | Killed Dowan
  6628 | D:8      | Reached XP level 10. HP: 83/83 MP: 10/10
  6952 | D:8      | Found a sacrificial altar of Ru.
  7043 | D:8      | Reached skill level 10 in Fighting
  7209 | D:8      | Found a shimmering altar of Xom.
  7255 | D:8      | Lost mutation: Your mind is acute. (Int +2) [potion of mutation]
  7255 | D:8      | Lost mutation: Your body sometimes deteriorates upon taking damage. [potion of mutation]
  7255 | D:8      | Gained mutation: You are weak. (Str -2) [potion of mutation]
  7255 | D:8      | Gained mutation: You passively map a small area around you. [potion of mutation]
  7280 | D:8      | Reached skill level 10 in Long Blades
  7805 | D:8      | Found a glowing golden altar of the Shining One.
  7805 | D:8      | Noticed an oklob plant
  7858 | D:8      | Noticed a two-headed ogre
  7910 | D:8      | Reached skill level 11 in Dodging
  7936 | D:8      | Identified Erachuq's Compendium of Confrontation
  7986 | D:8      | Killed a two-headed ogre
  8430 | D:9      | Reached XP level 11. HP: 76/93 MP: 11/11
  8760 | D:9      | Found a blossoming altar of Fedhas.
  8820 | D:9      | Identified the Compendium of Enchantment
  9039 | D:9      | Reached skill level 12 in Dodging
  9247 | D:10     | Entered Level 10 of the Dungeon
  9287 | D:10     | Reached ** piety under Ashenzari
  9577 | D:10     | Found Sioguh's Food Shop.
  9886 | D:10     | Gained mutation: Your flesh is heat resistant. (rF+) [mutagenic meat]
  9915 | D:10     | Noticed a two-headed ogre
  9922 | D:10     | Killed a two-headed ogre
 10005 | D:11     | Noticed a death yak
 10008 | D:11     | Found a staircase to the Lair.
 10008 | D:11     | Noticed a death yak
 10010 | D:11     | Noticed a death yak
 10027 | D:11     | Killed a death yak
 10038 | D:11     | Killed a death yak
 10038 | D:11     | Reached skill level 13 in Dodging
 10042 | D:11     | HP: 3/95 [orc priest/divine providence (8)]
 10045 | D:11     | Killed from afar by an orc priest

Vault maps used:
D:1:      ldierk_water_garden
D:2:      first_bread, grunt_decor_one_mirror
D:3:      grunt_temple_overflow_open, lightli_corner_chamber, uniq_terence,
          uniq_grinder, uniq_crazy_yiuf_cottage
D:4:      temple_fountains, minmay_crystal_water, uniq_edmund
D:5:      kennysheep_mini_moat
D:6:      old_standard_altar, gammafunk_temple_overflow_elements, uniq_pikel,
          uniq_prince_ribbit1
D:7:      cheibrodos_barr_body, uniq_duvessa
D:8:      kennysheep_windowed_halls, lemuel_crystal_altar, basic_altar,
          david_nohive_1, grunt_ministairs_2, lemuel_oklob_altar
D:9:      kennysheep_little_box
D:10:     serial_shops, shop
D:11:     dpeg_lair_monsters, orc_0_dummy

Skill      XL: |  1  2  3  4  5  6  7  8  9 10 11 |
---------------+----------------------------------+-----
Fighting       | 3 5 7 9 11 12 | 12.2
Long Blades    | 4 5 6 7 9 11 12 | 12.1
Dodging        | 5 10 11 13 | 13.0
Throwing       | |  2.0

Action                   |  1- 3 |  4- 6 |  7- 9 | 10-12 || total
-------------------------+-------+-------+-------+-------++-------
Melee: Long sword        |    89 |    74 |   284 |       ||   447
       Scimitar          |       |       |    68 |   445 ||   513
Throw: Throwing net      |     2 |     2 |       |     1 ||     5
Invok: Curse Item        |       |       |       |     1 ||     1
  Use: Potion            |       |     5 |     2 |     4 ||    11
 Stab: Held in net/web   |     1 |       |       |     1 ||     2
       Sleeping          |       |     2 |     6 |       ||     8
  Eat: Chunk             |     3 |     4 |     7 |    15 ||    29
       Fruit             |       |       |     3 |       ||     3
       Royal jelly       |       |       |     1 |       ||     1
Armor: Leather armour    |    30 |    12 |    52 |    48 ||   142
       Troll leather arm |       |       |       |    28 ||    28
Dodge: Dodged            |    83 |    56 |   258 |   468 ||   865
Block: Other             |       |    22 |    73 |   123 ||   218
       Reflection        |       |       |     4 |     4 ||     8
       Rpst.: Long sword |    32 |    16 |    65 |       ||   113
       Scimitar          |       |       |    15 |   112 ||   127

Table legend:
 A = Spawn XP
 B = Non-spawn XP
 C = Spawn XP percentage of total XP
 D = Spawn monster count
 E = Non-spawn monster count
 F = Spawn count percentage of total count
 G = Total turns spent on level
                    A         B        C        D         E        F      G
               +---------+---------+-------+---------+---------+-------+---------
         Total |       0 |   16904 |   0.0 |       0 |     263 |   0.0 | 10045
               +---------+---------+-------+---------+---------+-------+---------
           D:1 |       0 |      18 |   0.0 |       0 |      10 |   0.0 |   509
           D:2 |       0 |      57 |   0.0 |       0 |      15 |   0.0 |  1373
           D:3 |       0 |     437 |   0.0 |       0 |      19 |   0.0 |  1252
           D:4 |       0 |     475 |   0.0 |       0 |      16 |   0.0 |   678
           D:5 |       0 |     331 |   0.0 |       0 |      16 |   0.0 |   835
           D:6 |       0 |    1265 |   0.0 |       0 |      13 |   0.0 |   894
           D:7 |       0 |    2061 |   0.0 |       0 |      29 |   0.0 |  1078
           D:8 |       0 |    4479 |   0.0 |       0 |      62 |   0.0 |  1800
           D:9 |       0 |    1629 |   0.0 |       0 |      20 |   0.0 |   828
          D:10 |       0 |    4085 |   0.0 |       0 |      55 |   0.0 |   694
          D:11 |       0 |    2067 |   0.0 |       0 |       8 |   0.0 |   104
               +---------+---------+-------+---------+---------+-------+---------
